 Dungeon Crawl Stone Soup version 0.29-a0-284-gf9362112df (webtiles) character file.

Game seed: 15223955083124104515

117 Vomitron the Poker (level 4, -3/35 HPs)
             Began as a Demonspawn Gladiator on Mar 17, 2022.
             Was an Initiate of Ashenzari.
             Slain by an iguana (9 damage)
             ... on level 3 of the Dungeon.
             The game lasted 00:05:56 (1960 turns).

Vomitron the Poker (Demonspawn Gladiator)           Turns: 1960, Time: 00:05:57

Health: -3/35      AC:  9    Str: 14    XL:     4   Next: 71%
Magic:  4/4        EV:  7    Int: 10    God:    Ashenzari [......]
Gold:   127        SH:  4    Dex: 16    Spells: 3/3 levels left

rFire   . . .      SeeInvis .   a - +0 trident
rCold   + . .      Faith    .   (no shield)
rNeg    . . .      Spirit   .   r - +0 chain mail
rPois   .          Reflect  .   c - +0 helmet of the Eye in the Sky {Fort, Comp} (curse)
rElec   .          Harm     .   (no cloak)
rCorr   .          Rampage  .   (no gloves)
Will    .....                   (no boots)
Stlth   ..........              (no amulet)
HPRegen 0.11/turn               g - ring of protection from cold
MPRegen 0.09/turn               (no ring)

@: no status effects
A: hooves 2, condensation shield
a: Renounce Religion, Shatter the Chains


You were on level 3 of the Dungeon.
You worshipped Ashenzari.
Ashenzari was noncommittal.
You visited 1 branch of the dungeon, and saw 3 of its levels.

You collected 127 gold pieces.

Inventory:

Hand Weapons
 a - a +0 trident (weapon)
Missiles
 d - 3 throwing nets (quivered)
 e - a javelin
Armour
 b - a +0 leather armour
 c - the cursed +0 helmet of the Eye in the Sky (worn) {Fort, Comp}

   It has a curse which improves the following skills: Fortitude: Armour and
   Shields.
   Companions: Summonings and Necromancy.
 r - a +0 chain mail (worn)
Jewellery
 g - a ring of protection from cold (left hand)
Wands
 k - a wand of flame (11)
Scrolls
 f - 6 scrolls of identify
 i - 2 scrolls of blinking
 m - a scroll of fog
 n - 2 scrolls of teleportation
 q - a scroll of amnesia
Potions
 j - a potion of lignification
 l - a potion of attraction
 o - 2 potions of curing
 p - 2 potions of invisibility


   Skills:
 + Level 3.4 Fighting
 * Level 3.5 Polearms
 - Level 1.7 Throwing
 + Level 1.5(1.8) Armour
 - Level 3.1 Dodging


You had 3 spell levels left.
You didn't know any spells.
Your spell library contained the following spells:

 Spells                   Type           Power      Damage    Failure   Level
 Ensorcelled Hibernation  Hex/Ice        0%         N/A       100%        2
 Dazzling Flash           Conj/Hex       0%         N/A       100%        3
 Spider Form              Tmut/Pois      0%         N/A       100%        3
 Anguish                  Hex/Necr       0%         N/A       100%        4
 Agony                    Necr           0%         N/A       100%        5
 Silence                  Hex/Air        0%         N/A       100%        5


Dungeon Overview and Level Annotations

Branches:
Dungeon (3/15)

Altars:
Ashenzari

Shops:
D:3 :=


Innate Abilities, Weirdness & Mutations

You have hoof-like feet.
A meltable shield of frost defends you. (SH +4)


Message History

You hit the iguana but do no damage. The iguana barely misses you.
You hit the iguana but do no damage.
The iguana bites you but does no damage.
You completely miss the iguana. You kick the iguana, but do no damage.
The iguana bites you but does no damage.
You hit the iguana.
The iguana is lightly wounded.
The iguana bites you.
You hit the iguana but do no damage. You kick the iguana.
The iguana is moderately wounded.
You block the iguana's attack.
Unknown command.
You hit the iguana. You kick the iguana, but do no damage.
The iguana is heavily wounded.
The iguana bites you.
You hit the iguana.
The iguana is heavily wounded.
The iguana bites you.
Unknown command.
You completely miss the iguana.
The iguana is heavily wounded.
The iguana bites you but does no damage.
The iguana bites you!
Unknown command.
You are too injured to fight recklessly!
Unknown command.
You are too injured to fight recklessly!
Unknown command.
You are too injured to fight recklessly!
Unknown command.
You are too injured to fight recklessly!
Unknown command.
You barely miss the iguana.
The iguana is heavily wounded.
The iguana bites you!
* * * LOW HITPOINT WARNING * * *
You hit the iguana but do no damage.
The iguana is heavily wounded.
The iguana bites you!
You die...

#......)...#.#. #.
#.#.......#...#
####.###..............
#.........##.....###..
##.........##.#.#.#
##.
#..........##.#.#.# #.
#..........##.#.#.. ##
#...........#.#.###. #
#...l@.....# ##
+..........# #.##.
#.........<# #.##.
#.........## #.##.
#....?.....# #.##.
#..........# #.##.
#..........# #.##.
##########.# ###.##)
.+ +...#..


You could see an iguana.

Vanquished Creatures
  A hound (D:2)
  3 adders
  2 dart slugs
  6 endoplasms
  5 goblins
  5 hobgoblins
  4 jackals (D:2)
  6 kobolds
  3 quokkas
  6 ball pythons
  5 bats
  7 frilled lizards
  4 rats
57 creatures vanquished.

Vanquished Creatures (others)
  4 toadstools (D:1)
4 creatures vanquished.

Grand Total: 61 creatures vanquished

Notes
Turn   | Place    | Note
-------+----------+-------------------------------------------
     0 | D:1      | Vomitron the Demonspawn Gladiator began the quest for the
                  | Orb.
     0 | D:1      | Reached XP level 1. HP: 16/16 MP: 1/1
   237 | D:1      | Discovered your monstrous ancestry.
   237 | D:1      | Gained mutation: You have large cloven feet. [demonic
                  | ancestry]
   237 | D:1      | Reached XP level 2. HP: 22/22 MP: 2/2
   444 | D:1      | Found a faded altar of an unknown god.
   457 | D:1      | Prayed at the altar of an unknown god.
   457 | D:1      | Became a worshipper of Ashenzari the Shackled
   701 | D:2      | Gained mutation: You have hoof-like feet. [demonic
                  | ancestry]
   701 | D:2      | Reached XP level 3. HP: 25/28 MP: 3/3
   752 | D:2      | Reached skill level 1 in Armour
   879 | D:2      | Gained mutation: A meltable shield of frost defends you.
                  | (SH +4) [demonic ancestry]
   879 | D:2      | Reached XP level 4. HP: 35/35 MP: 4/4
  1071 | D:2      | Reached * piety under Ashenzari
  1667 | D:3      | Found Sedeh's Book Shop.
  1673 | D:3      | Found Ralediukiu's Jewellery Shop.
  1960 | D:3      | Slain by an iguana

Illustrated notes

Levels and vault maps discovered:
D:1:      ldierk_walled_garden_2, layout_loops_cross,
          hellmonk_ecumenical_altar_pennies_from_heaven, serial_glass,
          glass_columns_c, glass_columns_a, glass_columns_a, glass_columns_b,
          glass_columns_a, chequers_jeans
D:2:      layout_basic, patterned_corridor
D:3:      layout_basic, nicolae_sif_muna_condensation, serial_shops,
          nicolae_shop_waterfront, nicolae_shop_behind_doors,
          nicolae_shop_advertising_works [nicolae_subvault_shop_adworks],
          shop_fountains, nicolae_shop_hallway_stairs

Skill      XL: |  1  2  3 |
---------------+----------+-----
Polearms       | 3 |  3.5
Fighting       | 3 |  3.4
Armour         | 1 |  1.5
Dodging        | 3 |  3.1
Throwing       | |  1.7

Action                   |  1- 3 |  4- 6 || total
-------------------------+-------+-------++-------
Melee: Trident           |    67 |   107 ||   174
       Kick              |     8 |    17 ||    25
Invok: Curse Item        |     1 |     1 ||     2
       Shatter the Chain |       |     1 ||     1
Armor: Leather armour    |     7 |       ||     7
       Ring mail         |     5 |    33 ||    38
       Chain mail        |       |     3 ||     3
Dodge: Dodged            |    21 |    55 ||    76
Block: Other             |       |    20 ||    20

Table legend: (Time is in decaauts)
 A = Elapsed time spent in this place.
 B = Non-inter-level travel time spent in this place.
 C = Inter-level travel time spent in this place.
 D = Time resting spent in this place.
 E = Time spent auto-exploring this place.
 F = Levels seen in this place.
 G = Mean time per level.
                   A        B        C        D        E       F      G
               +--------+--------+--------+--------+--------+-----+--------+
         Total |   1985 |   1933 |     52 |    122 |   1375 |   3 |  661.7 |
       Dungeon |   1985 |   1933 |     52 |    122 |   1375 |   3 |  661.7 |
               +--------+--------+--------+--------+--------+-----+--------+

Top non-repeatable levels by time:
     D:2: 991 daAuts
     D:1: 681 daAuts
     D:3: 313 daAuts
